 Dungeon Crawl Stone Soup version 0.30-a0-365-ge7f957f1db (webtiles) character file.

Game seed: 6646288902799959249

131 qeuew the Trooper (level 4, -2/36 HPs)
             Began as a Demonspawn Fighter on Nov 16, 2022.
             Slain by a gnoll
             ... wielding a +0 halberd
              (8 damage)
             ... on level 2 of the Dungeon.
             The game lasted 00:01:11 (1103 turns).

qeuew the Trooper (Demonspawn Fighter)              Turns: 1103, Time: 00:01:12

Health: -2/36      AC: 11    Str: 16    XL:     4   Next: 91%
Magic:  4/4        EV:  9    Int:  9    God:
Gold:   114        SH:  9    Dex: 15    Spells: 3/3 levels left

rFire   . . .      SeeInvis .    a - +0 war axe
rCold   . . .      Faith    .    c - +0 buckler
rNeg    . . .      Spirit   .    b - +1 scale mail
rPois   .          Reflect  .    (helmet restricted)
rElec   .          Harm     .    (no cloak)
rCorr   .          Rampage  .    (no gloves)
Will    .....                    (no boots)
Stlth   ..........               (no amulet)
HPRegen 0.26/turn                g - +4 ring of protection
MPRegen 0.09/turn                (no ring)

@: mighty
A: horns 1, large bone plates 1, powered by death 1
a: no special abilities


You were on level 2 of the Dungeon.
You visited 1 branch of the dungeon, and saw 2 of its levels.

You collected 114 gold pieces.

Inventory:

Hand Weapons
 a - a +0 war axe (weapon)
Armour
 b - a +1 scale mail (worn)
 c - a +0 buckler (worn)
Jewellery
 g - a +4 ring of protection (left hand)
Scrolls
 e - a scroll of teleportation {unknown}
 f - a scroll of enchant armour
 h - a scroll of summoning
 k - a scroll of immolation {unknown}
 n - a scroll of identify
Potions
 d - a potion of might
 i - a potion of degeneration {unknown}
 j - a potion of curing {unknown}
 l - a potion of attraction {unknown}
 m - a potion of heal wounds {unknown}


   Skills:
 + Level 3.6 Fighting
 + Level 2.6 Axes
 + Level 3.3 Armour
 + Level 1.5 Dodging
 + Level 3.3 Shields


You had 3 spell levels left.
You didn't know any spells.
Your spell library was empty.

Dungeon Overview and Level Annotations

Branches:
Dungeon (2/15)

Altars:


Innate Abilities, Weirdness & Mutations

You have a pair of small horns on your head.
You are partially covered in large bone plates. (SH +4)
You regenerate a little health from kills.


Message History

The gnoll hits you but does no damage. The gnoll hits you with a +0 flail.
The gnoll hits you with a +0 flail! The gnoll misses you.
The goblin closely misses you.
There are monsters nearby!
There are monsters nearby!
You hit the gnoll.
You kill the gnoll!
You closely miss the goblin. The goblin hits you but does no damage.
The gnoll misses you.
You barely miss the goblin.
The goblin is severely wounded.
You block the goblin's attack.
The gnoll hits you from afar with a +0 halberd.
The gnoll hits you with a +0 halberd!
* * * LOW HITPOINT WARNING * * *
You block the goblin's attack.
You see here a +0 flail.
Sorry, you're not good enough to have a special ability.
You feel very mighty all of a sudden. You block the goblin's attack.
You block the gnoll's attack.
You barely miss the gnoll. You hit the goblin.
You kill the goblin!
You block the gnoll's attack.
A gnoll comes into view. It is wielding a +0 halberd.
The gnoll barely misses you. The gnoll hits you but does no damage.
Unknown command.
You slash the gnoll!
You kill the gnoll!
The gnoll hits you from afar with a +0 halberd.
* * * LOW HITPOINT WARNING * * *
Unknown command.
You slash the gnoll!
The gnoll is severely wounded.
The gnoll hits you but does no damage. x2; You block the gnoll's attack.
The gnoll barely misses you.
You slash the gnoll!
You kill the gnoll!
You block the gnoll's attack.
Found 3 gold pieces.
The gnoll hits you with a +0 halberd!
You die...

♣♣..# ..
PP..###########
#.
..............#
..
.############.#
.# ## #.# ..###
#.####....##
#.>.).......
####)#.##.# #@#
.$....g...#
###.#######


You could see a gnoll.

Vanquished Creatures
  7 gnolls (D:2)
  An adder (D:2)
  A worm (D:2)
  3 dart slugs
  An orc (D:2)
  5 bats
  2 endoplasms
  3 giant cockroaches
  2 hobgoblins (D:1)
  5 kobolds
  3 ball pythons
  4 frilled lizards
  6 goblins
  6 rats
49 creatures vanquished.

Vanquished Creatures (others)
  2 plants (D:2)
2 creatures vanquished.

Grand Total: 51 creatures vanquished

Notes
Turn   | Place    | Note
-------+----------+-------------------------------------------
     0 | D:1      | qeuew the Demonspawn Fighter began the quest for the Orb.
     0 | D:1      | Reached XP level 1. HP: 18/18 MP: 1/1
    87 | D:1      | Gained mutation: You regenerate a little health from kills.
                  | [demonic ancestry]
    87 | D:1      | Reached XP level 2. HP: 23/24 MP: 2/2
   637 | D:2      | Gained mutation: You have a pair of small horns on your
                  | head. [demonic ancestry]
   637 | D:2      | Reached XP level 3. HP: 29/29 MP: 3/3
   667 | D:2      | Reached skill level 1 in Dodging
   695 | D:2      | Gained mutation: You are partially covered in large bone
                  | plates. (SH +4) [demonic ancestry]
   695 | D:2      | Reached XP level 4. HP: 22/35 MP: 4/4
  1103 | D:2      | Slain by a gnoll

Illustrated notes

Levels and vault maps discovered:
D:1:      dpeg_arrival_pond, layout_rooms, interstate_on_off
D:2:      minmay_thinvault, layout_loops_ring, serial_forest,
          infiniplex_forest_lined_3, infiniplex_forest_clump_C,
          infiniplex_forest_clump_curved, infiniplex_forest_lined_corner,
          infiniplex_forest_lined_1, infiniplex_forest_side_room,
          infiniplex_forest_lined_2, infiniplex_forest_clump_C, minivault_25,
          nicolae_wormholes, uniq_terence

Skill      XL: |  1  2  3 |
---------------+----------+-----
Axes           | 2 |  2.6
Armour         | 3 |  3.3
Dodging        | 1 |  1.5
Shields        | 3 |  3.3
Fighting       | |  3.6

Action                   |  1- 3 |  4- 6 || total
-------------------------+-------+-------++-------
Melee: War axe           |    60 |    41 ||   101
       Headbutt          |     1 |    11 ||    12
  Use: Scroll            |     2 |       ||     2
       Potion            |       |     1 ||     1
Armor: Scale mail        |    33 |    16 ||    49
Dodge: Dodged            |    32 |    14 ||    46
Block: Buckler           |    17 |    26 ||    43

Table legend: (Time is in decaauts)
 A = Elapsed time spent in this place.
 B = Non-inter-level travel time spent in this place.
 C = Inter-level travel time spent in this place.
 D = Time resting spent in this place.
 E = Time spent auto-exploring this place.
 F = Levels seen in this place.
 G = Mean time per level.
                   A        B        C        D        E       F      G
               +--------+--------+--------+--------+--------+-----+--------+
         Total |   1146 |   1129 |     17 |      0 |    865 |   2 |  573.0 |
       Dungeon |   1146 |   1129 |     17 |      0 |    865 |   2 |  573.0 |
               +--------+--------+--------+--------+--------+-----+--------+

Top non-repeatable levels by time:
     D:2: 645 daAuts
     D:1: 501 daAuts
